 Dungeon Crawl Stone Soup version 0.24-a0-715-g0b739ee41d (webtiles) character file.

Game seed: 4677752592219320168, levelgen mode: deterministic

137787 wazuzu the Bludgeoner (level 16, -27/141 HPs)
             Began as a Yellow Draconian Fighter on Sept 30, 2019.
             Was the Champion of Ru.
             Killed by the air
             ... invoked by Alledor the Cloud Mage
              (55 damage)
             ... in a wizard's laboratory.
             The game lasted 02:04:38 (33663 turns).

wazuzu the Bludgeoner (Yellow Draconian Fighter)   Turns: 33663, Time: 02:04:38

Health: -27/141    AC: 15    Str: 20    XL:     16   Next: 69%
Magic:  8/16       EV: 20    Int:  9    God:    Ru [******]
Gold:   875        SH: 21    Dex: 16    Spells: 12/15 levels left

rFire    . . .     SeeInvis +   U - +5 demon whip (protect) {!w}
rCold    + . .     Gourm    .   W - +2 shield {rN+}
rNeg     + . .     Faith    .   (armour unavailable)
rPois    .         Spirit   .   (helmet restricted)
rElec    .         Reflect  +   (no cloak)
rCorr    +         Harm     .   K - +2 pair of gloves
MR       +....                  T - +2 pair of boots
Stlth    ..........             y - +6 amulet of reflection
HPRegen  0.33/turn              I - ring of protection from cold
MPRegen  0.15/turn              Q - ring of see invisible

@: exhausted, flying (expiring), hasted, drained, very quick
A: spit acid, unfitting armour, acidic bite, cold-blooded, no stealth, inability
to use devices, no earth magic, no translocations magic, no transmutations
magic, unskilled 1, missing an eye, acid resistance, AC +9
a: Breathe Acid, Draw Out Power, Power Leap, Apocalypse, Renounce Religion


You were in a wizard's laboratory.
You worshipped Ru.
Ru was exalted by your worship.
You were hungry.

You visited 5 branches of the dungeon, and saw 26 of its levels.
You also visited: Wizlab.

You collected 2696 gold pieces.
You spent 1821 gold pieces at shops.


Innate Abilities, Weirdness & Mutations

You can spit globs of acid.
Your golden yellow scales are hard. (AC +9)
You cannot fit into any form of body armour.
You have acidic saliva.
You are cold-blooded and may be slowed by cold attacks.
You cannot be stealthy.
You cannot study or use magical devices.
You cannot study or cast Earth magic.
You cannot study or cast Translocations magic.
You cannot study or cast Transmutations magic.
You are somewhat unskilled. (-1 Apt)
You are missing an eye, making it more difficult to aim.
You are resistant to acid. (rCorr)


   Skills:
 + Level 12.5(11.1) Fighting
 - Level 16.0(14.4) Maces & Flails
 + Level 12.3(10.9) Dodging
 - Level 15.0(13.5) Shields


You had 12 spell levels left.
You knew the following spells:

 Your Spells              Type           Power        Failure   Level  Hunger
a - Swiftness             Chrm/Air       #.......     58%         2    ###....
s - Animate Skeleton      Necr           N/A          43%         1    ##.....

Your spell library contained the following spells:

 Spells                   Type           Power        Failure   Level  Hunger
 Confusing Touch          Hex            #.....       43%         1    ##.....
 Corona                   Hex            #......      43%         1    ##.....
 Flame Tongue             Conj/Fire      #....        43%         1    ##.....
 Magic Dart               Conj           #...         43%         1    ##.....
 Sting                    Conj/Pois      #...         43%         1    ##.....
 Summon Small Mammal      Summ           #...         43%         1    ##.....
 Call Imp                 Summ           #.......     58%         2    ###....
 Ensorcelled Hibernation  Hex/Ice        #.....       58%         2    ###....
 Poisonous Vapours        Pois/Air       #.....       58%         2    ###....
 Slow                     Hex            #.......     58%         2    ###....
 Throw Flame              Conj/Fire      #.....       58%         2    ###....
 Call Canine Familiar     Summ           #.......     82%         3    ####...
 Confuse                  Hex            #.......     82%         3    ####...
 Conjure Flame            Conj/Fire      #.......     82%         3    ####...
 Dazzling Spray           Conj/Hex       #.....       82%         3    ####...
 Inner Flame              Hex/Fire       #.......     82%         3    ####...
 Mephitic Cloud           Conj/Pois/Air  #.......     82%         3    ####...
 Summon Guardian Golem    Hex/Summ       #.......     82%         3    ####...
 Tukima's Dance           Hex            #.......     82%         3    ####...
 Olgreb's Toxic Radiance  Pois           #.......     99%         4    #####..
 Sticky Flame             Conj/Fire      #.......     99%         4    #####..
 Summon Ice Beast         Ice/Summ       #.......     99%         4    #####..
 Summon Lightning Spire   Summ/Air       #.......     99%         4    #####..
 Fireball                 Conj/Fire      #.........   100%        5    ######.
 Iskenderun's Battlesphe  Conj/Chrm      #.......     100%        5    ######.
 Venom Bolt               Conj/Pois      #.........   100%        5    ######.
 Darkness                 Hex            #.........   100%        6    #######
 Invisibility             Hex            #.......     100%        6    #######
 Orb of Destruction       Conj           #.........   100%        7    #######
 Spellforged Servitor     Conj/Summ      #.........   100%        7    #######
 Apportation              Tloc           Unusable     N/A         1    N/A
 Sandblast                Erth           Unusable     N/A         1    N/A
 Blink                    Tloc           Unusable     N/A         2    N/A
 Passwall                 Tmut/Erth      Unusable     N/A         2    N/A
 Stone Arrow              Conj/Erth      Unusable     N/A         3    N/A
 Passage of Golubria      Tloc           Unusable     N/A         4    N/A
 Petrify                  Tmut/Erth      Unusable     N/A         4    N/A
 Bolt of Magma            Conj/Fire/Erth Unusable     N/A         5    N/A
 Lee's Rapid Deconstruct  Erth           Unusable     N/A         5    N/A
 Iron Shot                Conj/Erth      Unusable     N/A         6    N/A

Dungeon Overview and Level Annotations

Branches:
Dungeon (15/15)            Temple (1/1) D:6            Lair (6/6) D:10
  Swamp (0/4) Lair:4        Snake (0/4) Lair:3        Slime (0/5) Lair:6
    Orc (2/2) D:11            Elf (2/3) Orc:2        Vaults (0/5) D:14
 Depths (0/5) D:15         WizLab (1/1)

Altars:
Ashenzari
Cheibriados
Dithmenos
Elyvilon
Fedhas
Gozag
Hepliaklqana
Kikubaaqudgha
Makhleb
Nemelex Xobeh
Okawaru
Qazlal
Ru
Sif Muna
Trog
Uskayaw
Vehumet
Wu Jian
Xom
Yredelemnul
Zin
The Shining One

Shops:
D:10 %[?}   D:11 !   D:12 *   D:14 =   D:15 *   Orc:2 ((}[   Elf:1 ?

Annotations:
D:15 3 runed translucent doors, Foonlieted's ghost, amateur MiGl
Lair:2 exclusions: ice statue and 4 oklob plants

Inventory:

Hand Weapons
 U - a +5 demon whip of protection (weapon) {!w}
   (You bought it in a shop on level 2 of the Orcish Mines)
 Z - the +2 fustibalus of the Ghost {flame, rElec rN+++ Str-5}
   (You found it on level 2 of the Lair of Beasts)

   It causes projectiles fired from it to burn those they strike, causing extra
   injury to most foes and up to half again as much damage against particularly
   susceptible opponents.
   It affects your strength (-5).
   It insulates you from electricity.
   It renders you almost immune to negative energy.
Missiles
 m - 551 stones (quivered)
 n - 2 throwing nets
Armour
 K - a +2 pair of gloves (worn)
 T - a +2 pair of boots (worn)
 W - a +2 shield of positive energy (worn)
   (You took it off a tengu warrior on level 15 of the Dungeon)
Jewellery
 y - a +6 amulet of reflection (around neck)
 I - a ring of protection from cold (left hand)
 Q - a ring of see invisible (right hand)
 X - an uncursed ring of stealth {unknown}
Scrolls
 g - 13 scrolls of remove curse {@r8}
 l - 2 scrolls of amnesia
 J - 8 scrolls of identify {@r9}
 L - 4 scrolls of silence
 M - 2 scrolls of enchant armour
 O - 10 scrolls of teleportation {@r4}
 P - 2 scrolls of blinking
 R - 2 scrolls of fog
 S - 5 scrolls of fear
 Y - 2 scrolls of magic mapping
Potions
 q - 9 potions of curing {@q1}
 v - 2 potions of magic
 x - a potion of heal wounds {@q2}
 C - a potion of resistance
 D - 7 potions of brilliance
 F - 2 potions of might
 G - 4 potions of mutation {!q}
 H - a potion of haste {@q3}
 N - a potion of berserk rage
 V - 4 potions of lignification {!q}
Comestibles
 d - 33 rations

~~####################.......###~
###.............t..............##
#...~~~~~~~~~~~~2~~~~~~~~~~~~~...
..~~~####################~~~~~~~.
~~~~~################# ###~~~~~~
~~~~~##$$#..#$$#$$#$$# ###~~~~
~~~~~#$$$.$.$$$$$$$$$$ ##~~~
~~~~~#$$$$$$$$$@$$$$$$# #~~~
~~~~~#$$$$$.$$$$@$$$..# ##~~
..%..$$$.$$$$$$$$$$$..'. #~~
~~~~~#$$....$$$$$$$... . ##~~
~~~~~#$$$$$$$$..$$$.$$# #~~~
~~~~~#$$$$$.........$ ##~~~
~~~~~##$$#..#..#..#$$# ###~~~~
~~~~~################# ###~~~~~~
..~~~####################~~~~~~~.
#...~~~~~~~~~~~~~~~~~~~~~~~~~~...


You could see Alledor the Cloud Mage.


Message History

You miss the spark wasp. You hit the spark wasp.
Your weapon exudes an aura of protection.
The spark wasp is lightly wounded.
You block the spark wasp's attack.
You barely miss the spark wasp.
You tail-slap the spark wasp, but do no damage.
You block the spark wasp's attack.
You are feeling hungry.
You thrash the spark wasp!!
The spark wasp is moderately wounded.
You block the spark wasp's attack.
You whack the spark wasp!
You tail-slap the spark wasp, but do no damage.
You bite the spark wasp, but do no damage.
The spark wasp is heavily wounded.
You block the spark wasp's attack.
You hit the spark wasp but do no damage.
You bite the spark wasp, but do no damage.
The spark wasp is heavily wounded.
You hit the spark wasp.
The spark wasp is heavily wounded.
The spark wasp is stunned by your will and fails to attack.
You thrash the spark wasp!!
The spark wasp is severely wounded.
The spark wasp stings you!! The spark wasp shocks you!
You focus your will and blind the spark wasp in retribution!
You miss the spark wasp.
The spark wasp is severely wounded.
You block the spark wasp's attack.
You miss the spark wasp.
The spark wasp is severely wounded.
You barely miss the spark wasp.
The spark wasp is severely wounded.
The spark wasp completely misses you.
You barely miss the spark wasp.
The spark wasp is severely wounded.
You block the spark wasp's attack.
You whack the spark wasp! You tail-slap the spark wasp.
You kill the spark wasp!
You see here a spark wasp corpse.
Unknown command.
There is an open door here.
An air elemental comes into view.
The air elemental moves out of view.
A vortex of raging winds appears around the air elemental!
Alledor the Cloud Mage comes into view.
He is wielding a +2 dagger of electrocution.
Alledor shouts!
The vortex of raging winds lifts you up.
You fly up into the air.
You focus your will and illuminate the air elemental in retribution!
You block the air elemental's attack.
Use which ability? (? or * to list)
You reveal the great annihilating truth to your foes!
You destroy the air elemental!
Alledor slows down under the weight of truth!
You feel drained.
You are engulfed in raging winds.
Alledor waves his arms in wide circles.
The air twists around and violently strikes you in flight!
* * * LOW HITPOINT WARNING * * *
You feel yourself speed up.
You float gracefully downwards.
Alledor begins to cast a spell, but is stunned by your will!
Alledor gestures wildly while chanting.
A great vortex of raging winds appears and lifts Alledor up!!
The vortex of raging winds lifts you up.
You fly up into the air.
* * * LOW HITPOINT WARNING * * *
Alledor waves his arms in wide circles.
The air twists around and violently strikes you in flight!
You die...

Action                   |  1- 3 |  4- 6 |  7- 9 | 10-12 | 13-15 | 16-18 || total
-------------------------+-------+-------+-------+-------+-------+-------++-------
Melee: Flail             |   127 |   252 |   313 |  1017 |   904 |       ||  2613
       Tailslap          |    10 |    30 |    42 |   144 |   265 |    44 ||   535
       Demon whip        |       |       |       |       |   692 |   305 ||   997
       Bite              |       |       |       |       |   156 |    35 ||   191
Throw: Stone             |       |       |       |       |       |     1 ||     1
Invok: Sacrifice Artific |       |       |       |     1 |       |       ||     1
       Sacrifice Arcana  |       |       |       |     1 |       |       ||     1
       Draw Out Power    |       |       |       |     4 |     2 |     2 ||     8
       Power Leap        |       |       |       |     1 |    18 |     7 ||    26
       Sacrifice an Eye  |       |       |       |     1 |       |       ||     1
       Apocalypse        |       |       |       |       |    10 |     4 ||    14
       Sacrifice Stealth |       |       |       |       |     1 |       ||     1
       Sacrifice Skill   |       |       |       |       |     1 |       ||     1
 Abil: Breathe Acid      |       |       |    29 |    77 |    64 |    19 ||   189
  Use: Potion            |       |     7 |     2 |    12 |       |     7 ||    28
       Scroll            |       |     9 |     2 |    13 |    12 |     4 ||    40
 Stab: Sleeping          |     2 |       |       |     1 |       |       ||     3
       Invisible         |       |       |       |     3 |    12 |     6 ||    21
       Distracted        |       |       |       |     3 |    13 |     2 ||    18
       Paralysed         |       |       |       |       |    34 |     9 ||    43
       Petrifying        |       |       |       |       |     2 |       ||     2
       Petrified         |       |       |       |       |     1 |       ||     1
       Confused          |       |       |       |       |     1 |       ||     1
  Eat: Chunk             |     2 |     7 |    13 |    27 |    35 |    13 ||    97
       Ration            |       |     1 |     2 |     4 |     6 |       ||    13
Armor: Skin              |    43 |    42 |    51 |   132 |   164 |    28 ||   460
Dodge: Dodged            |    67 |    78 |   172 |   363 |   444 |    80 ||  1204
Block: Shield            |    52 |   149 |       |   610 |  1036 |   147 ||  1994
       Reflection        |       |     1 |    14 |     9 |    34 |     4 ||    62
       Buckler           |       |     4 |   235 |   144 |       |       ||   383

Levels and vault maps discovered:
D:1:      dpeg_arrival_rhombus, layout_rooms
D:2:      layout_basic, grunt_ashenzari_visionary
          [grunt_ashenzari_visionary_swamp, grunt_ashenzari_visionary_snake]
D:3:      layout_rooms, first_ration, minmay_quantized
D:4:      layout_rooms, uniq_robin
D:5:      layout_cave_pools, hangedman_decor_diamond_cutter, kennysheep_dice
D:6:      hangedman_cross_stitches, layout_loops_ring,
          nicolae_overflow_hidden_temple, kennysheep_mini,
          eat_drink_and_be_merry_uskayaw, nicolae_overflow_crystal_walls,
          minmay_temple_entry_statues_fountains
D:7:      layout_basic
D:8:      layout_loops_ring, bloody_makhleb, lemuel_round_altar
D:9:      layout_cave_pools, lemuel_doored_altar,
          nemelex_xobeh_ov_fountains_minmay
D:10:     layout_big_octagon, erik_lair_orcish_takeover, serial_shops, shop,
          shop, shop, shop, basic_altar
D:11:     layout_stronghold, orc_0_dummy, serial_shops,
          nicolae_shop_competitors_out_of_business, grunt_ogre_cave,
          nicolae_twisting_strands, lightli_corner_chamber
D:12:     layout_stronghold, nicolae_blasting_shop,
          nicolae_qazlal_general_emergency
D:13:     layout_irregular_city
D:14:     layout_roguey, david_vaults_2, serial_shops, shop
D:15:     grunt_enter_depths_magical_seal, layout_long_grid,
          serial_bayou_pond_b, serial_shops, shop, gammafunk_ghost_hydra_chop,
          grunt_ministairs_6, hangedman_abyss_or_decor_stabs, uniq_jorgrun
Temple:   nicolae_temple_great_sept
Lair:1:   layout_regular_city
Lair:2:   hangedman_what_comes_after_a, layout_chaotic_city, serial_forest,
          infiniplex_forest_end_2, infiniplex_forest_corner_1,
          infiniplex_forest_join, infiniplex_forest_zigzag_1,
          infiniplex_forest_diagonal, infiniplex_forest_straight_3, ice2_lemuel
Lair:3:   layout_chaotic_city, dummy_snake_entry,
          chequers_serial_rivers_small_a, infiniplex_staircase_pool_2,
          minmay_lair_oklob_chamber
Lair:4:   layout_gridlike, minmay_swamp_entry_reptiles
Lair:5:   layout_regular_city
Lair:6:   due_jungle_book, layout_regular_city, minmay_slime_entry_pillars,
          kennysheep_basilisk_garden, uniq_rupert, uniq_nessos, uniq_snorg
Orc:1:    layout_caves, basic_altar, uniq_erica
Orc:2:    grunt_orc_tribal_feast, layout_caves
Elf:1:    elf_arrival_001, layout_loops_corners, serial_shops, shop,
          hangedman_elf_disciples, hangedman_elf_simple_split
Elf:2:    layout_onion_city, mu_enter_wizlab_3, serial_shops,
          nicolae_shop_waterfront, portal_desolation_entry_garden
WizLab:   wizlab_cloud

Notes
Turn   | Place    | Note
-------+----------+-------------------------------------------
     0 | D:1      | wazuzu the Draconian Fighter began the quest for the Orb.
     0 | D:1      | Reached XP level 1. HP: 19/19 MP: 1/1
   312 | D:1      | Reached XP level 2. HP: 23/26 MP: 2/2
   504 | D:1      | Reached skill level 3 in Maces & Flails
   822 | D:1      | Reached XP level 3. HP: 28/31 MP: 3/3
  1068 | D:2      | Found a shattered altar of Ashenzari.
  1072 | D:2      | Saw a vision of the Swamp and the Snake Pit.
  1072 | D:2      | Noticed an alligator
  1072 | D:2      | Noticed a swamp drake
  1072 | D:2      | Noticed an alligator
  1072 | D:2      | Noticed a water moccasin
  1072 | D:2      | Noticed a bullfrog
  1072 | D:2      | Noticed a bullfrog
  1072 | D:2      | Noticed a naga mage
  1072 | D:2      | Noticed a naga mage
  1072 | D:2      | Noticed a mana viper
  1072 | D:2      | Noticed a naga
  1072 | D:2      | Noticed a naga mage
  1073 | D:2      | Noticed a naga sharpshooter
  1074 | D:2      | Noticed a naga
  1247 | D:2      | Reached skill level 4 in Maces & Flails
  1532 | D:2      | Reached XP level 4. HP: 29/38 MP: 4/4
  1925 | D:3      | Reached skill level 5 in Maces & Flails
  2391 | D:4      | Reached XP level 5. HP: 18/45 MP: 5/5
  2957 | D:4      | Noticed Robin
  2974 | D:4      | Killed Robin
  2974 | D:4      | Reached skill level 6 in Maces & Flails
  3081 | D:4      | Reached XP level 6. HP: 28/52 MP: 6/6
  3420 | D:5      | Entered Level 5 of the Dungeon
  3715 | D:5      | Noticed a sky beast
  3790 | D:5      | HP: 10/52 [something (5)]
  3873 | D:5      | Killed a sky beast
  3873 | D:5      | Reached skill level 4 in Fighting
  4613 | D:6      | Noticed an orc warrior
  4616 | D:6      | Reached skill level 7 in Maces & Flails
  4659 | D:6      | Your scales start taking on a golden yellow colour.
  4659 | D:6      | Reached XP level 7. HP: 41/60 MP: 7/7
  4659 | D:6      | Gained mutation: You are resistant to acid. (rCorr) [Yellow
                  | Draconian growth]
  4679 | D:5      | HP: 4/60 [orc warrior/+0 war axe (14)]
  5032 | D:6      | Found a blossoming altar of Fedhas.
  5083 | D:6      | Reached skill level 5 in Fighting
  5083 | D:6      | Reached skill level 4 in Shields
  5172 | D:6      | Found a staircase to the Ecumenical Temple.
  5200 | Temple   | Entered the Ecumenical Temple
  5291 | D:6      | Reached skill level 8 in Maces & Flails
  5291 | D:6      | Reached XP level 8. HP: 69/69 MP: 8/8
  5384 | D:6      | Reached skill level 6 in Fighting
  5417 | D:6      | Reached skill level 3 in Dodging
  5613 | D:6      | Found a hide-covered altar of Uskayaw.
  5751 | D:6      | Found a hazy altar of Hepliaklqana.
  5894 | D:7      | Reached skill level 4 in Dodging
  5912 | D:7      | Reached skill level 5 in Shields
  5921 | D:7      | Reached skill level 5 in Dodging
  6254 | D:7      | Reached XP level 9. HP: 55/75 MP: 9/9
  6404 | D:7      | Reached skill level 6 in Dodging
  6404 | D:7      | Reached skill level 6 in Shields
  7614 | D:8      | Found a burning altar of Makhleb.
  7798 | D:8      | Reached skill level 7 in Dodging
  7950 | D:8      | Reached skill level 7 in Shields
  8347 | D:8      | Found a white marble altar of Elyvilon.
  8558 | D:6      | Found a sacrificial altar of Ru.
  8566 | D:6      | Became a worshipper of Ru the Awakened
  8625 | D:9      | Reached skill level 8 in Dodging
  8638 | D:9      | wazuzu: ??yellow draconian
  8638 | D:9      | beem: yellow draconian[1/1]: A form of draconian that can
                  | spit acid (which has halved cooldown compared to most other
                  | breath weapons, and corrodes armour.) Player character gets
                  | no unique aptitudes. Gains rCorr at XL 7. Gets an acidic
                  | bite at XL 14. In 0.20, their acid spit is short range and
                  | splashes.
  8750 | D:9      | Noticed a two-headed ogre
  8781 | D:9      | Killed a two-headed ogre
  8781 | D:9      | Reached skill level 8 in Shields
  8781 | D:9      | Reached XP level 10. HP: 50/83 MP: 10/10
  8926 | D:9      | Found a sparkling altar of Nemelex Xobeh.
  9011 | D:9      | Reached skill level 9 in Shields
  9114 | D:9      | Noticed a two-headed ogre
  9130 | D:9      | Killed a two-headed ogre
  9151 | D:9      | Reached skill level 9 in Maces & Flails
  9311 | D:9      | Found a glowing golden altar of the Shining One.
  9374 | D:10     | Entered Level 10 of the Dungeon
  9374 | D:10     | Found Xyimiff's Food Emporium.
  9408 | D:10     | Reached skill level 7 in Fighting
  9409 | D:10     | wazuzu: ??corr
  9409 | D:10     | beem: corrosion[1/1]: {Acid} among other effects may
                  | inflict the debuff "Corr". When something attempts to
                  | corrode you, it has a Corr_level/(Corr_level+7) chance to
                  | fail. Each level of Corr reduces your AC by 4 and gives -4
                  | slaying. Goes away after enough time has passed. Corr(-4)
                  | means -4 slaying/-4 AC. Monsters get a non-stacking -8 ac,
                  | and have a 2/3 chance to be corroded when splashed.
  9765 | D:10     | Gained mutation: You cannot study or use magical devices.
                  | [Ru sacrifice]
  9765 | D:10     | Reached * piety under Ru
  9765 | D:10     | Reached ** piety under Ru
 10114 | D:10     | Found Vuanimei's Magic Scroll Emporium.
 10120 | D:10     | Found Fidwim's Gadget Emporium.
 10235 | D:10     | Bought a scroll of fog for 26 gold pieces
 10235 | D:10     | Bought a scroll of fear for 45 gold pieces
 10235 | D:10     | Bought a scroll of brand weapon for 260 gold pieces
 10235 | D:10     | Bought a scroll of teleportation for 39 gold pieces
 10254 | D:10     | Reached skill level 10 in Maces & Flails
 10292 | D:10     | Found a staircase to the Lair.
 10586 | D:10     | Found Tiaval's Antique Armour Shop.
 10640 | D:10     | Noticed a two-headed ogre
 10751 | D:10     | Killed a two-headed ogre
 10751 | D:10     | Reached skill level 8 in Fighting
 10751 | D:10     | Reached XP level 11. HP: 85/94 MP: 11/11
 10992 | D:10     | Found an iron altar of Okawaru.
 11424 | D:11     | Killed an unseen horror
 11629 | D:11     | Reached skill level 11 in Maces & Flails
 11695 | D:11     | HP: 20/95 [orc warrior/+1 dire flail of venom (19)]
 11698 | D:11     | HP: 9/95 [poisoned by an orc warrior]
 12062 | D:11     | Found Zenolunt's Distillery.
 12264 | D:11     | Found a staircase to the Orcish Mines.
 12291 | D:11     | Noticed a death knight
 12308 | D:11     | Killed a death knight
 12320 | D:11     | Noticed a two-headed ogre
 12325 | D:11     | Killed a two-headed ogre
 12325 | D:11     | Reached skill level 9 in Fighting
 12428 | D:11     | Reached skill level 12 in Maces & Flails
 12669 | D:11     | Noticed a deep elf mage
 12669 | D:11     | Noticed a cyan ugly thing
 12742 | D:11     | Noticed a red ugly thing
 12753 | D:11     | Killed a red ugly thing
 12865 | D:11     | Gained mutation: You cannot study or cast Earth magic. [Ru
                  | sacrifice]
 12865 | D:11     | Gained mutation: You cannot study or cast Transmutations
                  | magic. [Ru sacrifice]
 12865 | D:11     | Gained mutation: You cannot study or cast Translocations
                  | magic. [Ru sacrifice]
 12865 | D:11     | Reached *** piety under Ru
 12958 | D:12     | Noticed an eight-headed hydra
 13178 | D:12     | Killed an eight-headed hydra
 13595 | D:12     | Found Bazuell's Demolitions Depot.
 13635 | D:12     | Reached skill level 10 in Fighting
 14222 | Lair:1   | Entered Level 1 of the Lair of Beasts
 14356 | Lair:1   | Reached XP level 12. HP: 106/106 MP: 12/12
 14392 | Lair:1   | Reached skill level 13 in Maces & Flails
 14499 | Lair:1   | Gained mutation: You are missing an eye, making it more
                  | difficult to aim. [Ru sacrifice]
 14499 | Lair:1   | Reached **** piety under Ru
 14689 | Lair:1   | Noticed a four-headed hydra
 14697 | Lair:1   | Killed a four-headed hydra
 15246 | Lair:2   | HP: 27/108 [spiny frog (15)]
 15257 | Lair:2   | Reached skill level 11 in Fighting
 15314 | Lair:2   | Reached skill level 14 in Maces & Flails
 15658 | Lair:2   | Found the +5 scythe "Finisher" {speed, eviscerate}
 15672 | Lair:2   | Reached skill level 12 in Fighting
 16049 | Lair:2   | Got a polished fustibalus
 16050 | Lair:2   | Identified the +2 fustibalus of the Ghost {flame, rElec
                  | rN+++ Str-5} (You found it on level 2 of the Lair of
                  | Beasts)
 16399 | Lair:2   | Noticed an eight-headed hydra
 16474 | Lair:2   | Killed an eight-headed hydra
 16853 | Lair:2   | Reached XP level 13. HP: 66/119 MP: 13/13
 17126 | Lair:2   | Gained mutation: You cannot be stealthy. [Ru sacrifice]
 17126 | Lair:2   | Reached ***** piety under Ru
 17790 | Lair:3   | Found a staircase to the Snake Pit.
 18115 | Lair:3   | Reached skill level 10 in Shields
 18441 | Lair:3   | Reached skill level 9 in Dodging
 18674 | Lair:4   | Found a staircase to the Swamp.
 18736 | Lair:4   | Gained mutation: You are somewhat unskilled. (-1 Apt) [Ru
                  | sacrifice]
 18736 | Lair:4   | Reduced skill Maces & Flails to level 13
 18736 | Lair:4   | Reduced skill Dodging to level 8
 18736 | Lair:4   | Reduced skill Shields to level 9
 18736 | Lair:4   | Reached ****** piety under Ru
 20226 | Lair:5   | Reached skill level 14 in Maces & Flails
 20379 | Lair:5   | Reached skill level 10 in Shields
 20757 | Lair:6   | Entered Level 6 of the Lair of Beasts
 21027 | Lair:6   | Noticed Nessos
 21037 | Lair:6   | Killed Nessos
 21037 | Lair:6   | Reached skill level 9 in Dodging
 21410 | Lair:6   | Gained mutation: You have acidic saliva. [Yellow Draconian
                  | growth]
 21410 | Lair:6   | Reached XP level 14. HP: 97/126 MP: 14/14
 21790 | Lair:6   | Found a staircase to the Slime Pits.
 21797 | Lair:6   | Found the +0 Maxwell's etheric cage {RegenMP+ *Contam rElec
                  | MP+4}
 22034 | Lair:6   | Noticed Snorg
 22044 | Lair:6   | Killed Snorg
 22089 | Lair:6   | Noticed Rupert
 22092 | Lair:6   | Paralysed by Rupert for 2 turns
 22103 | Lair:6   | Killed Rupert
 22647 | Lair:6   | Identified Abitie's Papyrus of the Traveller and
                  | Contamination
 23038 | Lair:6   | Reached skill level 15 in Maces & Flails
 23527 | Orc:1    | Entered Level 1 of the Orcish Mines
 23687 | Orc:1    | Found a burning altar of Makhleb.
 23769 | Orc:1    | Noticed Erica
 23798 | Orc:1    | Killed Erica
 24260 | Orc:2    | Entered Level 2 of the Orcish Mines
 24377 | Orc:2    | Reached skill level 11 in Shields
 25353 | Orc:2    | Reached skill level 10 in Dodging
 25356 | Orc:2    | Found Taid's Antique Armour Emporium.
 25356 | Orc:2    | Found Dioniv's Antique Weapon Boutique.
 25358 | Orc:2    | Found Keletone's Antique Weapon Boutique.
 25358 | Orc:2    | Found Benup's Gadget Emporium.
 25440 | Orc:2    | Bought a glowing demon whip for 486 gold pieces
 25507 | Orc:2    | Found a staircase to the Elven Halls.
 25771 | D:12     | Found a stormy altar of Qazlal.
 25986 | D:12     | wazuzu: ??demon whip
 25986 | D:12     | beem: demon whip[1/2]: (maces & flails; +1 acc / 11 dam /
                  | 1.1 base delay / 0.5 min delay). A terrible weapon, woven
                  | in the depths of the inferno. Can be {bless}ed into a
                  | {sacred scourge}.
 25986 | D:12     | wazuzu: ??demon whip[2
 25986 | D:12     | beem: demon whip[2/2]: It's not that terrible!
 27012 | D:14     | Reached XP level 15. HP: 131/132 MP: 15/15
 27059 | D:14     | Found a gate to the Vaults.
 27255 | D:14     | Reached skill level 16 in Maces & Flails
 27651 | D:14     | Found Lueczuokk's Jewellery Shoppe.
 27664 | D:14     | Bought a cursed ring of teleportation for 49 gold pieces
 27664 | D:14     | Bought a cursed ring of attention for 49 gold pieces
 27884 | D:15     | Entered Level 15 of the Dungeon
 28325 | D:15     | Reached skill level 12 in Shields
 28587 | D:15     | Reached skill level 11 in Dodging
 29104 | D:15     | Found a runed translucent gate.
 29104 | D:15     | Found a runed translucent gate.
 29104 | D:15     | Found a runed translucent gate.
 29106 | D:15     | Noticed Foonlieted's ghost (amateur MiGl)
 29465 | D:15     | Found Osaip's General Store.
 29473 | D:15     | Bought a potion of invisibility for 120 gold pieces
 29473 | D:15     | Bought a potion of curing for 45 gold pieces
 29473 | D:15     | Bought a potion of curing for 45 gold pieces
 29516 | D:15     | Noticed Jorgrun
 29539 | D:15     | Killed Jorgrun
 29655 | D:15     | Reached skill level 13 in Shields
 29659 | D:15     | Found a staircase to the Depths.
 30095 | D:15     | Learned a level 1 spell: Animate Skeleton
 30098 | D:15     | Learned a level 2 spell: Swiftness
 30251 | Elf:1    | Entered Level 1 of the Elven Halls
 30315 | Elf:1    | Found Mieluock's Magic Scroll Shop.
 30378 | Elf:1    | Reached skill level 12 in Dodging
 30447 | Elf:1    | Reached XP level 16. HP: 109/139 MP: 16/16
 31104 | Elf:1    | Bought a scroll of teleportation for 54 gold pieces
 31104 | Elf:1    | Bought a scroll of brand weapon for 360 gold pieces
 31104 | Elf:1    | Bought a scroll of enchant weapon for 135 gold pieces
 31104 | Elf:1    | Bought 2 scrolls of teleportation for 108 gold pieces
 31224 | Elf:1    | Reached skill level 14 in Shields
 31676 | Elf:2    | Found a magical portal.
 32511 | WizLab   | Reached skill level 15 in Shields
 32553 | WizLab   | HP: 30/139 [blizzard demon] (9)]
 32558 | WizLab   | HP: 17/139 [poisoned by a death drake (foul vapour)]
 32581 | WizLab   | HP: 29/139 [blizzard demon (17)]
 32586 | WizLab   | HP: 30/139 [poisoned by a death drake (foul vapour)]
 33656 | WizLab   | Noticed Alledor
 33663 | WizLab   | HP: 28/141 [Alledor the Cloud Mage/tornado (34)]
 33663 | WizLab   | Killed from afar by Alledor the Cloud Mage

Vanquished Creatures
  Jorgrun (D:15)
  Rupert (Lair:6)
  A deep elf sorcerer (Elf:1)
  A deep elf elementalist (Elf:1)
  Nessos (Lair:6)
  5 dire elephants (Lair:6)
  4 spark wasps (WizLab)
  Snorg (Lair:6)
  4 blizzard demons (WizLab)
  A fire dragon (D:15)
  11 hydras
  A rakshasa (D:15)
  4 spriggan air magi (WizLab)
  4 ghost crabs (WizLab)
  An anaconda (Lair:6)
  Erica (Orc:1)
  4 centaur warriors
  A death knight (D:11)
  13 two-headed ogres
  5 dancing weapons
  A death yak (Lair:3)
  4 ogre magi
  A catoblepas (Lair:5)
  4 tengu warriors (D:15)
  3 orc high priests (Orc:2)
  4 shock serpents (WizLab)
  2 deep elf knights (Elf:1)
  A storm dragon skeleton (D:15)
  3 death drakes (WizLab)
  An unseen horror (D:15)
  A wizard (Elf:1)
  3 deep elf archers (Elf:1)
  A necromancer (D:15)
  6 orc knights
  An orb spider (shapeshifter) (Elf:1)
  A wolf spider zombie (D:15)
  23 deep elf magi
  An ugly thing (D:11)
  3 orc sorcerers (Orc:2)
  2 cyclopes
  4 oklob plants (Lair:3)
  5 manticores
  4 black mambas
  12 elephants
  A centaur zombie (D:14)
  3 naga magi (D:15)
  12 spiny frogs
  2 apocalypse crabs (WizLab)
  2 rime drakes (Lair:2)
  4 gargoyles
  8 centaur skeletons
  6 komodo dragons
  2 kobold demonologists
  An efreet (WizLab)
  6 trolls
  2 meliai
  2 tengu conjurers
  3 polar bears
  A jumping spider (shapeshifter) (D:15)
  2 wind drakes (WizLab)
  A wolf spider simulacrum (D:14)
  2 hornets
  A queen bee (Lair:2)
  9 slime creatures
  A meliai zombie (D:13)
  8 hippogriffs
  17 blink frogs
  4 shadows
  10 air elementals
  7 wyverns
  4 wraiths
  A vampire (D:13)
  A fire elemental (Elf:2)
  23 yaks
  8 basilisks
  4 vampire mosquitoes (D:14)
  7 wargs
  A soldier ant (D:12)
  An acid dragon (D:13)
  14 water moccasins
  6 porcupines
  5 sky beasts
  15 ice beasts
  27 orc warriors
  3 phantoms
  An eye of draining (D:13)
  4 black bears
  A hornet zombie (D:15)
  20 ogres
  25 wolves
  11 centaurs
  7 crocodiles
  19 bullfrogs
  2 wyvern zombies
  4 scorpions
  38 killer bees
  4 jellies
  6 electric eels (D:10)
  4 howler monkeys
  7 crimson imps
  2 quasits (D:12)
  28 orc priests
  4 bullfrog skeletons
  6 hounds
  6 iguanas
  26 orc wizards
  12 worker ants
  A hound skeleton (D:3)
  Robin (D:4)
  A howler monkey skeleton (D:6)
  A worker ant zombie (D:6)
  15 adders
  4 gnolls
  5 shadow imps
  2 white imps (Lair:2)
  4 oozes
  2 worms
  4 dart slugs
  4 leopard geckos
  68 orcs
  4 giant cockroaches
  12 goblins
  7 hobgoblins
  10 jackals
  4 quokkas
  2 ball pythons (D:1)
  5 bats
  5 frilled lizards
  11 kobolds
  A leopard gecko skeleton (D:4)
  A quokka zombie (D:5)
  6 rats
  5 fungi
  11 plants
826 creatures vanquished.

Vanquished Creatures (others)
  4 two-headed ogres
  A deep elf knight (Elf:1)
  An unseen horror (D:11)
  A wizard (D:15)
  An ugly thing (D:15)
  A manticore (D:15)
  A centaur skeleton (D:12)
  A komodo dragon (Lair:5)
  A meliai (D:15)
  A blink frog (Lair:3)
  A vampire mosquito (D:14)
  An orc warrior (Orc:1)
  2 centaurs
  An ogre (D:14)
  A boggart (Elf:1)
  An orc priest (Orc:2)
  An orc wizard (Orc:2)
  5 orcs
  10 fungi
  2 pillars of salt (Elf:2)
  18 plants
56 creatures vanquished.

Grand Total: 882 creatures vanquished
